 Dungeon Sprint DCSS version 0.30-a0-50-gb2d611f6b1 (webtiles) character file.

Game seed: 9897370278306784179

324 rocky1 the Basher (level 6, -3/59 HPs)
             Began as an Ogre Gladiator on Sept 5, 2022.
             Was a Follower of Okawaru.
             Slain by a warg (6 damage)
             ... in the Dungeon (Sprint VII: "The Pits").
             The game lasted 00:02:14 (603 turns).

rocky1 the Basher (Ogre Gladiator)                   Turns: 603, Time: 00:02:15

Health: -3/59      AC: 10    Str: 21    XL:     6   Next: 48%
Magic:  6/6        EV: 10    Int:  9    God:    Okawaru [*.....]
Gold:   0          SH:  0    Dex: 10    Spells: 5/5 levels left

rFire   . . .      SeeInvis .    o - +2 flail (protect)
rCold   . . .      Faith    .    (no shield)
rNeg    . . .      Spirit   .    b - +0 robe
rPois   .          Reflect  .    c - +0 hat
rElec   .          Harm     .    (no cloak)
rCorr   .          Rampage  .    (gloves unavailable)
Will    .....      NoTele   +    (boots unavailable)
Stlth   +.........               (no amulet)
HPRegen 0.19/turn                (no ring)
MPRegen 0.10/turn                (no ring)

@: under a protective aura, on berserk cooldown, slowed, invisible, very slow
A: large, unfitting armour, tough skin 1
a: Renounce Religion, Heroism


You were in the Dungeon.
You worshipped Okawaru.
Okawaru was aware of your devotion.
You visited 1 branch

Inventory:

Hand Weapons
 o - a +2 flail of protection (weapon)
Missiles
 d - 2 throwing nets (quivered)
 e - a large rock
Armour
 b - a +0 robe (worn)
 c - a +0 hat (worn)
Scrolls
 k - a scroll of blinking
 l - 5 scrolls of amnesia
Potions
 f - a potion of invisibility
 g - 5 potions of heal wounds
 h - a potion of haste
 i - 4 potions of magic
 j - 2 potions of berserk rage
 n - 5 potions of curing


   Skills:
 - Level 2.6 Fighting
 * Level 12.4 Maces & Flails
 - Level 2.0 Throwing
 - Level 2.6 Dodging


You had 5 spell levels left.
You didn't know any spells.
Your spell library was empty.

Dungeon Overview and Level Annotations

Branches:
Dungeon (1/1)

Altars:
Ashenzari
Cheibriados
Dithmenos
Elyvilon
Fedhas
Gozag
Hepliaklqana
Kikubaaqudgha
Makhleb
Nemelex Xobeh
Okawaru
Qazlal
Ru
Sif Muna
Trog
Uskayaw
Vehumet
Wu Jian
Xom
Yredelemnul
Zin
The Shining One
Jiyva
Lugonu


Innate Abilities, Weirdness & Mutations

You are too large for most types of armour.
You have tough skin. (AC +1)


Message History

You barely miss the fire bat.
The fire bat is severely wounded.
The fire bat bites you.
* * * LOW HITPOINT WARNING * * *
You are engulfed in flames.
* * * LOW HITPOINT WARNING * * *
You bludgeon the fire bat!!
You kill the fire bat!
Okawaru is honoured by your kill.
You can now gain great but temporary skills.
Your Maces & Flails skill gained 2 levels and is now at level 12!
You have reached level 6!
You feel stronger.
Unknown command.
The warg barely misses you.
You hit the warg.
The warg is lightly wounded.
The warg closely misses you.
You sock the warg!
The warg is moderately wounded.
The orc throws a boomerang.
The boomerang hits the orc but does no damage.
The warg bites you!
* * * LOW HITPOINT WARNING * * *
You completely miss the warg.
The warg is moderately wounded.
You hit the warg but do no damage. Your punch misses the warg.
The warg is moderately wounded.
The warg bites you but does no damage.
Unknown command.
You bludgeon the warg!!
The warg is almost dead.
The warg bites you but does no damage.
Unknown command.
You barely miss the warg.
The warg is almost dead.
You are no longer berserk.
You are exhausted.
You feel yourself slow down. The warg bites you.
You die...

#...........'.....
#'#####'#####.....
#.#.†#..#..##.....
#.#..)..)..#####'#
#.##†####'###.....
#.#........##.....
#.#........##.....
#.#####'#####...<.
#@#...)))[.##.....
#h#...)))[.##.....
#o###########.....
#ow..h..# ######
#zz.#...# #z..# .#
#.##. #.. #. #..
..


You could see a warg, a worm (unable to see you), 3 wights and 2 orcs.

Vanquished Creatures
  A fire bat (D)
  A floating eye (D)
  A scorpion (D)
  A river rat (D)
  2 orcs (D)
  An endoplasm (D)
  3 jackals (D)
  A ball python zombie (D)
  2 frilled lizards (D)
13 creatures vanquished.

Notes
Turn   | Place    | Note
-------+----------+-------------------------------------------
     0 | D        | rocky1 the Ogre Gladiator began the quest for the Orb.
     0 | D        | Reached XP level 1. HP: 22/22 MP: 1/1
    13 | D        | Noticed a scorpion
    23 | D        | Killed a scorpion
    24 | D        | Reached skill level 7 in Maces & Flails
    24 | D        | Reached XP level 2. HP: 7/29 MP: 2/2
    24 | D        | Reached XP level 3. HP: 9/36 MP: 3/3
    24 | D        | Reached XP level 4. HP: 11/44 MP: 4/4
    41 | D        | Found a bloodstained altar of Trog.
    41 | D        | Found a shimmering blue altar of Sif Muna.
    41 | D        | Found a viscous altar of Jiyva.
    41 | D        | Found a hazy altar of Hepliaklqana.
    41 | D        | Found an opulent altar of Gozag.
    42 | D        | Found a glowing golden altar of the Shining One.
    42 | D        | Found a glowing silver altar of Zin.
    42 | D        | Found a basalt altar of Yredelemnul.
    42 | D        | Found a shimmering altar of Xom.
    42 | D        | Found an ornate altar of the Wu Jian Council.
    42 | D        | Found a sacrificial altar of Ru.
    42 | D        | Found a stormy altar of Qazlal.
    42 | D        | Found an iron altar of Okawaru.
    42 | D        | Found a sparkling altar of Nemelex Xobeh.
    42 | D        | Found a burning altar of Makhleb.
    42 | D        | Found a blossoming altar of Fedhas.
    42 | D        | Found a white marble altar of Elyvilon.
    42 | D        | Found a shadowy altar of Dithmenos.
    42 | D        | Found a snail-covered altar of Cheibriados.
    45 | D        | Found a corrupted altar of Lugonu.
    45 | D        | Found a radiant altar of Vehumet.
    46 | D        | Found an ancient bone altar of Kikubaaqudgha.
    46 | D        | Found a hide-covered altar of Uskayaw.
    46 | D        | Found a broken altar of Ashenzari.
    50 | D        | Became a worshipper of Warmaster Okawaru
   307 | D        | Noticed a floating eye
   308 | D        | Paralysed by a floating eye for 2 turns
   311 | D        | Killed a floating eye
   312 | D        | Reached skill level 10 in Maces & Flails
   312 | D        | Reached XP level 5. HP: 50/50 MP: 5/5
   580 | D        | Noticed a fire bat
   581 | D        | Noticed a warg
   596 | D        | Killed a fire bat
   596 | D        | Reached * piety under Okawaru
   597 | D        | Reached skill level 12 in Maces & Flails
   597 | D        | Reached XP level 6. HP: 15/59 MP: 6/6
   599 | D        | HP: 4/88 [warg (11)]
   603 | D        | Slain by a warg

Illustrated notes

Levels and vault maps discovered:
D:        pitsprint [storerooms_1, entrance_room_1, metal_vault_3, armoury_1,
          mini_pit_1, grid_room_1, main_hall_1, silver_pit, the_coven_2,
          the_vestibule_1, steel_vault_3, golden_pit, hallway_of_sentries,
          crystal_vault_5, iron_vault_4, final_vault]

Skill      XL: |  1  2  3  4  5 |
---------------+----------------+-----
Maces & Flails | 7 10 12 | 12.4
Fighting       | |  2.6
Throwing       | |  2.0
Dodging        | |  2.6

Action                   |  1- 3 |  4- 6 || total
-------------------------+-------+-------++-------
Melee: Flail             |     5 |    15 ||    20
       Mace              |       |    19 ||    19
Throw: Throwing net      |     3 |       ||     3
       Large rock        |     1 |       ||     1
  Use: Potion            |       |     4 ||     4
 Stab: Held in net/web   |     1 |       ||     1
       Sleeping          |       |     1 ||     1
Armor: Robe              |     3 |     8 ||    11
Dodge: Dodged            |     4 |    20 ||    24

Table legend: (Time is in decaauts)
 A = Elapsed time spent in this place.
 B = Non-inter-level travel time spent in this place.
 C = Inter-level travel time spent in this place.
 D = Time resting spent in this place.
 E = Time spent auto-exploring this place.
 F = Levels seen in this place.
 G = Mean time per level.
                   A        B        C        D        E       F      G
               +--------+--------+--------+--------+--------+-----+--------+
         Total |    596 |    596 |      0 |    401 |      0 |   1 |  596.0 |
       Dungeon |    596 |    596 |      0 |    401 |      0 |   1 |  596.0 |
               +--------+--------+--------+--------+--------+-----+--------+

Top non-repeatable levels by time:
       D: 596 daAuts
